 Dungeon Crawl Stone Soup version 0.20-a0-303-g575bbf7 (webtiles) character file.

228 Havercy the Skirmisher (level 5, -3/41 HPs)
             Began as a Mummy Fighter on Dec 16, 2016.
             Killed from afar by an orc wizard (6 damage)
             ... with a puff of frost
             ... on level 3 of the Dungeon.
             The game lasted 00:03:13 (3054 turns).

Havercy the Skirmisher (Mummy Fighter)              Turns: 3054, Time: 00:03:14

Health: -3/41      AC:  5    Str: 20    XL:     5   Next: 70%
Magic:  5/5        EV:  8    Int:  8    God:
Gold:   78         SH: 10    Dex: 11    Spells: 4/4 levels left

rFire  x . .     SeeInvis .     a - +0 long sword
rCold  + . .     Gourm    .     d - +0 ring mail
rNeg   + + +     Faith    .     c - +1 shield
rPois  ∞         Spirit   .     (no helmet)
rElec  .         Reflect  .     (no cloak)
rCorr  .         Harm     .     (no gloves)
MR     .....                    (no boots)
Stlth  +.........               (no amulet)
                                (no ring)
                                (no ring)

@: no status effects
A: no food or potions, fire vulnerability, cold resistance 1, negative energy
resistance 3, torment resistance, unbreathing
a: no special abilities


You were on level 3 of the Dungeon.
You were not hungry.

You visited 1 branch of the dungeon, and saw 3 of its levels.

You collected 78 gold pieces.

Inventory:

Hand Weapons
 a - a +0 long sword (weapon)
Armour
 b - a +0 scale mail
 c - a +1 shield (worn)
 d - a +0 ring mail (worn)
 m - a +0 chain mail
Scrolls
 e - a scroll of amnesia
 f - a scroll of enchant armour
 g - 2 scrolls of remove curse
 h - a scroll of recharging {unknown}
 i - 3 scrolls of identify {unknown}
 j - 3 scrolls of fear {unknown}
 k - a scroll of fog {unknown}
 l - 2 scrolls of blinking {unknown}
 n - a scroll of magic mapping {unknown}
 o - a scroll of teleportation {unknown}


   Skills:
 + Level 3.5 Fighting
 + Level 2.8 Long Blades
 + Level 3.3 Armour
 + Level 1.3 Dodging
 + Level 3.3 Shields


You had 4 spell levels left.
You didn't know any spells.

Dungeon Overview and Level Annotations

Branches:
Dungeon (3/15)

Altars:


Innate Abilities, Weirdness & Mutations

You do not eat or drink.
Your flesh is vulnerable to fire.
You are immune to poison.
Your flesh is cold resistant. (rC+)
You are immune to negative energy. (rN+++)
You are immune to unholy pain and torment.
You can survive without breathing.


Message History

The orc is moderately wounded.
The orc wizard casts a spell at you. The magic dart hits you!
* * * LOW HITPOINT WARNING * * *
The orc hits you but does no damage.
Unknown command.
Unknown command.
As you read the scroll labeled WEIJUPHUHU, it crumbles to dust.
It is a scroll of amnesia.
You feel forgetful for a moment. You block the orc's attack.
As you read the scroll labeled FOL UH JEWAKE, it crumbles to dust.
It is a scroll of enchant armour.
Your +0 shield glows green for a moment.
The orc closely misses you.
As you read the scroll labeled ORI XERGHOELOPH, it crumbles to dust.
You feel as if something is helping you.
It was a scroll of remove curse.
The orc wizard casts a spell at you. The puff of frost hits you! You resist.
You die...

..> #... .# #.#.#<#
......# ##### #.#...#.#
.....##.#...#.#
........#...#.#
........##o.#.# #
.#......)(@...#.#
#......###..##.#
................#
........####†.##########
........##..o..))......#
........##.#.).#######.#
...#######.#...# #.# ...
# ##..# #.# .. #..# #.#


You could see an orc wizard and an orc.

Vanquished Creatures
  Jessica (D:2)
  2 orc wizards (D:3)
  Natasha (twice) (D:3)
  3 gnolls (D:2)
  2 adders
  2 leopard geckos
  3 orcs (D:3)
  2 ball pythons (D:2)
  A giant cockroach (D:2)
  8 goblins
  6 hobgoblins
  6 jackals
  7 kobolds
  A quokka (D:1)
  13 bats
  5 frilled lizards
  6 rats
70 creatures vanquished.

Notes
Turn   | Place    | Note
-------+----------+-------------------------------------------
     0 | D:1      | Havercy the Mummy Fighter began the quest for the Orb.
     0 | D:1      | Reached XP level 1. HP: 18/18 MP: 1/1
   174 | D:1      | Reached XP level 2. HP: 24/24 MP: 2/2
  1078 | D:2      | Reached XP level 3. HP: 29/29 MP: 3/3
  1093 | D:2      | Noticed Jessica
  1107 | D:2      | Killed Jessica
  1449 | D:2      | Reached XP level 4. HP: 33/35 MP: 4/4
  1676 | D:1      | HP: 1/35 [quokka (4)]
  2786 | D:3      | Noticed Natasha
  2798 | D:3      | Killed Natasha
  2798 | D:3      | Reached XP level 5. HP: 39/41 MP: 5/5
  2848 | D:3      | Noticed Natasha
  2857 | D:3      | Killed Natasha
  2857 | D:3      | Reached skill level 1 in Dodging
  3051 | D:3      | HP: 2/41 [orc wizard/magic dart (2)]
  3054 | D:3      | Killed from afar by an orc wizard

Vault maps used:
D:1:      ncdulo_smallfort
D:2:      uniq_jessica
D:3:      uniq_terence, uniq_grinder, uniq_natasha, uniq_iyjb

Skill      XL: |  1  2  3  4  5 |
---------------+----------------+-----
Long Blades    | 2 |  2.8
Armour         | 3 |  3.3
Shields        | 3 |  3.3
Dodging        | 1 |  1.3
Fighting       | |  3.5

Action                   |  1- 3 |  4- 6 || total
-------------------------+-------+-------++-------
Melee: Long sword        |   110 |   140 ||   250
  Use: Scroll            |       |     3 ||     3
Armor: Ring mail         |    45 |    57 ||   102
Dodge: Dodged            |    46 |    61 ||   107
Block: Shield            |    59 |    93 ||   152
       Rpst.: Long sword |    17 |    22 ||    39
